 Dungeon Crawl Stone Soup version 0.22.1-1-ga44c0e5 (webtiles) character file.

516 Folque the Stinger (level 7, -1/45 HPs)
             Began as a Demonspawn Venom Mage on Oct 11, 2018.
             Hit by a tomahawk thrown by an orc (5 damage)
             ... on level 4 of the Dungeon.
             The game lasted 00:18:01 (4828 turns).

Folque the Stinger (Demonspawn Venom Mage)          Turns: 4828, Time: 00:18:01

Health: -1/45      AC:  5    Str:  8    XL:     7   Next: 0%
Magic:  0/12       EV: 13    Int: 18    God:
Gold:   160        SH:  0    Dex: 16    Spells: 7/13 levels left

rFire    . . .     SeeInvis .   d - +0 hunting sling
rCold    . . .     Gourm    .   (no shield)
rNeg     . . .     Faith    .   a - +0 robe
rPois    .         Spirit   +   (helmet restricted)
rElec    .         Reflect  .   t - +0 cloak
rCorr    .         Harm     .   (no gloves)
MR       .....                  (no boots)
Stlth    ++........             (no amulet)
HPRegen  0.15/turn              (no ring)
MPRegen  0.13/turn              (no ring)

@: no status effects
A: antennae 1, icy blue scales 1, agile 1, frail 1, powered by death 1, wild
magic 1, magic shield
a: no special abilities


You were on level 4 of the Dungeon.
You were hungry.

You visited 1 branch of the dungeon, and saw 4 of its levels.

You collected 160 gold pieces.

Inventory:

Hand Weapons
 d - a +0 hunting sling (weapon)
 e - a +0 mace
 j - a +0 short sword
 k - a +1 short sword of draining
Missiles
 l - 37 stones (quivered)
 n - 5 tomahawks
Armour
 a - a +0 robe (worn)
 o - a +2 buckler
 t - a +0 cloak (worn)
Scrolls
 b - a scroll of remove curse
 h - 2 scrolls of identify
 i - 2 scrolls of fear {unknown}
 p - a scroll of enchant weapon {unknown}
 r - a scroll of amnesia {unknown}
Potions
 f - a potion of degeneration
 g - 2 potions of mutation
Comestibles
 c - 5 rations
 u - 4 chunks of flesh


   Skills:
 - Level 2.0 Fighting
 * Level 1.3 Slings
 + Level 2.7 Dodging
 - Level 2.2 Stealth
 * Level 3.8 Spellcasting
 - Level 3.0 Conjurations
 - Level 2.0 Air Magic
 - Level 4.1 Poison Magic


You had 7 spell levels left.
You knew the following spells:

 Your Spells              Type           Power        Failure   Level  Hunger
a - Sting                 Conj/Pois      ###.         6%          1    None
b - Poisonous Vapours     Pois/Air       ###...       10%         2    ##.....
c - Mephitic Cloud        Conj/Pois/Air  ###.....     19%         3    ###....

Your spell library contained the following spells:

 Spells                   Type           Power        Failure   Level  Hunger
 Olgreb's Toxic Radiance  Pois           ###.....     34%         4    ####...
 Venom Bolt               Conj/Pois      ###.......   75%         5    ######.


Dungeon Overview and Level Annotations

Branches:
Dungeon (4/15)
 Temple: D:4-7

Altars:
Dithmenos
Elyvilon
Nemelex Xobeh
Okawaru
Ru

Annotations:
D:3 Eustachio
D:4 Pikel


Innate Abilities, Weirdness & Mutations

You have a pair of small antennae on your head.
You are partially covered in icy blue scales. (AC +2)
You regenerate a little health from kills.
When hurt, damage is shared between your health and your magic reserves.
You are agile. (Dex +2)
You are frail. (-10% HP)
Your spells are a little harder to cast, but a little more powerful.


Message History

You see here a tomahawk.
Firing (i - inventory. (/) - cycle)
l - 40 stones (quivered)
Press: ? - help, Shift-Dir - straight line, f - orc
Aim: an orc, wielding a falchion You shoot a stone.
The stone barely misses the orc.
The orc throws a tomahawk.
The tomahawk barely misses you.
Firing (i - inventory. (/) - cycle)
l - 39 stones (quivered)
Press: ? - help, Shift-Dir - straight line, f/p - orc
Aim: an orc, wielding a falchion You shoot a stone.
The stone closely misses the orc.
The orc throws a tomahawk.
The tomahawk barely misses you.
The orc throws a tomahawk.
The tomahawk misses you.
Firing (i - inventory. (/) - cycle)
l - 38 stones (quivered)
Press: ? - help, Shift-Dir - straight line, f/p - orc
Aim: an orc, wielding a falchion You shoot a stone.
The stone hits the orc.
The orc is severely wounded.
An orc comes into view. It is wielding a short sword.
The orc throws a tomahawk.
The tomahawk hits you.
You die...

####
#.@#
#..##
#..##
#..
...


(o o You could see 2 orcs.

Vanquished Creatures
  An ogre (D:4)
  A scorpion (D:4)
  A hound (D:4)
  4 orc priests
  2 orc wizards
  A bullfrog skeleton (D:2)
  4 gnolls (D:4)
  6 adders
  A dart slug (D:1)
  4 leopard geckos
  10 orcs
  2 ball pythons (D:3)
  4 bats
  3 giant cockroaches
  4 goblins
  8 hobgoblins
  2 jackals (D:1)
  8 kobolds
  2 quokkas
  6 frilled lizards
  6 rats
80 creatures vanquished.

Notes
Turn   | Place    | Note
-------+----------+-------------------------------------------
     0 | D:1      | Folque the Demonspawn Venom Mage began the quest for the
                  | Orb.
     0 | D:1      | Reached XP level 1. HP: 13/13 MP: 3/3
   179 | D:1      | Reached skill level 1 in Fighting
   213 | D:1      | Gained mutation: You regenerate a little health from kills.
                  | [demonic ancestry]
   213 | D:1      | Reached XP level 2. HP: 13/21 MP: 0/5
   271 | D:1      | Learned a level 2 spell: Poisonous Vapours
  1208 | D:2      | Gained mutation: When hurt, damage is shared between your
                  | health and your magic reserves. [demonic ancestry]
  1208 | D:2      | Reached XP level 3. HP: 17/27 MP: 1/6
  1770 | D:2      | Found a sparkling altar of Nemelex Xobeh.
  2100 | D:2      | Reached XP level 4. HP: 11/33 MP: 1/7
  2511 | D:2      | Found an iron altar of Okawaru.
  2690 | D:2      | Learned a level 3 spell: Mephitic Cloud
  2776 | D:2      | HP: 1/33 [orc wizard/magic dart (6)]
  2789 | D:2      | Reached skill level 4 in Poison Magic
  3247 | D:3      | Gained mutation: You are partially covered in icy blue
                  | scales. (AC +2) [demonic ancestry]
  3247 | D:3      | Reached XP level 5. HP: 25/38 MP: 1/9
  3268 | D:3      | Reached skill level 1 in Air Magic
  3340 | D:3      | Found a shadowy altar of Dithmenos.
  3490 | D:3      | Found a sacrificial altar of Ru.
  3731 | D:3      | Found a sparkling altar of Nemelex Xobeh.
  3792 | D:3      | Found a white marble altar of Elyvilon.
  3871 | D:4      | Noticed a phantom
  3882 | D:4      | Noticed Eustachio
  3882 | D:4      | Noticed Pikel
  3882 | D:4      | Noticed a slave
  3882 | D:4      | Noticed a slave
  3882 | D:4      | Noticed a slave
  3883 | D:4      | Noticed a slave
  4198 | D:4      | Gained mutation: You have a pair of small antennae on your
                  | head. [demonic ancestry]
  4198 | D:4      | Reached XP level 6. HP: 44/44 MP: 2/11
  4492 | D:4      | Reached skill level 1 in Slings
  4606 | D:4      | Reached XP level 7. HP: 50/50 MP: 8/12
  4820 | D:4      | Gained mutation: You are frail. (-10% HP) [potion of
                  | mutation]
  4820 | D:4      | Gained mutation: Your spells are a little harder to cast,
                  | but a little more powerful. [potion of mutation]
  4820 | D:4      | Gained mutation: You are agile. (Dex +2) [potion of
                  | mutation]
  4828 | D:4      | Hit by a tomahawk thrown by an orc

Skill      XL: |  1  2  3  4  5  6 |
---------------+-------------------+-----
Fighting       | 1 2 |  2.0
Stealth        | 2 |  2.2
Poison Magic   | 4 |  4.1
Spellcasting   | 3 |  3.8
Dodging        | 2 |  2.7
Air Magic      | 1 2 |  2.0
Conjurations   | 2 3 |  3.0
Slings         | 1 |  1.3

Action                   |  1- 3 |  4- 6 |  7- 9 || total
-------------------------+-------+-------+-------++-------
Melee: Unarmed           |     9 |       |       ||     9
       Mace              |    63 |   140 |     1 ||   204
 Fire: Hunting sling     |       |    18 |    19 ||    37
 Cast: Sting             |    34 |    19 |     3 ||    56
       Poisonous Vapours |     6 |    16 |       ||    22
       Mephitic Cloud    |       |    16 |     1 ||    17
  Use: Potion            |     2 |     1 |     3 ||     6
       Scroll            |       |     3 |     3 ||     6
 Stab: Sleeping          |     2 |       |       ||     2
       Distracted        |     1 |       |       ||     1
       Confused          |       |     3 |       ||     3
  Eat: Chunk             |     4 |     8 |       ||    12
       Ration            |       |     1 |       ||     1
Armor: Robe              |     6 |    40 |     1 ||    47
Dodge: Dodged            |    67 |   122 |    11 ||   200
